 Dungeon Crawl Stone Soup version 0.10.0-21-g6e717ff character file.

962 nht the Covert (level 7, -2/49 HPs)
             Began as a Vampire Assassin on Feb 25, 2012.
             Was an Initiate of Makhleb.
             Shot with a bolt by a yaktaur captain (13 damage)
             ... on Level 25 of the Dungeon.
             The game lasted 00:14:24 (3904 turns).

nht the Covert (Vampire Assassin)                   Turns: 3904, Time: 00:14:24

HP  -2/49        AC  0     Str  5      XL: 7   Next: 53%
MP   7/7         EV 24     Int 13      God: Makhleb [......]
Gold 141         SH  0     Dex 21 (22) Spells:  0 memorised,  6 levels left

Res.Fire  : . . .   See Invis. : +   v - melded +3,-2 dagger of Dismemberment {drain, rEle Res.Cold : . . . Warding : . . c - melded +0 robe Life Prot.: + + . Conserve : . (shield currently unavailable) Res.Acid. : . . . Res.Corr. : . (helmet currently unavailable)
Res.Poison: .       Clarity    : .   d - melded +0 cloak
Res.Elec. : .       Spirit.Shd : .   t - melded +0 pair of gloves (curse)
Sust.Abil.: . .     Stasis     : .   (boots currently unavailable)
Res.Mut.  : .       Ctrl.Telep.: .   (no amulet)
Res.Rott. : .       Levitation : +   (ring currently unavailable)
Saprovore : . . .   Ctrl.Flight: +   r - melded ring of life protection

@: bat-form, flying, very quick, slightly resistant to hostile enchantments,
extremely stealthy
A: bottle blood, (fangs 0), see invisible, deterioration 1, (unbreathing)
a: Bottle Blood, End Transformation, Renounce Religion


You were on level 25 of the Dungeon.
You worshipped Makhleb.
Makhleb was pleased with you.
You were not thirsty.
You were in vampire bat-form.
You visited 1 branch of the dungeon, and saw 25 of its levels.

You collected 212 gold pieces.
You spent 121 gold pieces at shops.

Inventory:

Hand weapons
 a - a +3,+3 dagger {=f}
 b - a +0 blowgun
 h - a +0,+0 dagger (quivered)
 i - a +1,+2 dagger
 m - a +2,+0 elven dagger
 u - a +1,+1 dwarven dagger
 v - the +3,-2 dagger of Dismemberment (melded) {drain, rElec rF+ rC+ Str+1 SInv}
   (You found it on level 5 of the Dungeon)

   A truly terrible weapon, it drains the life of those it strikes.
   It affects your strength (+1).
   It protects you from fire.
   It protects you from cold.
   It insulates you from electricity.
   It enhances your eyesight.
Missiles
 e - 46 poisoned +0 needles
Armour
 c - a +0 robe (melded)
 d - a +0 cloak (melded)
 l - a +0 cloak
 t - a cursed +0 pair of gloves (melded)
Magical devices
 w - a wand of disintegration (8)
 B - a wand of fireball (7)
 E - a wand of enslavement (6)
Scrolls
 g - a scroll of fog
 j - 2 scrolls of enchant weapon I
 x - a scroll of detect curse
 A - 3 scrolls of remove curse
Jewellery
 p - an uncursed ring of ice
 r - a ring of life protection (melded)
 y - an uncursed amulet of guardian spirit {unknown}
Potions
 f - a potion of slowing
 k - 2 potions of curing
 o - a potion of paralysis
 z - a potion of might
Books
 q - a book of the Tempests

   Spells                             Type                      Level
   Static Discharge                   Conjuration/Air              3
   Lightning Bolt                     Conjuration/Air              5
   Fireball                           Conjuration/Fire             5
   Tornado                            Air                          9
   Shatter                            Earth                        9


   Skills:
 - Level 1.7 Fighting
 + Level 5.2 Short Blades
 - Level 1.5 Throwing
 + Level 4.9 Dodging
 + Level 8.7 Stealth
 + Level 5.3 Stabbing


You had 6 spell levels left.
You didn't know any spells.

Dungeon Overview and Level Annotations

Branches:
Dungeon (25/27)
 Temple: D:4-7          Orc: D:6-11        Lair: D:8-13       Vault: D:14-19

Altars:
Cheibriados
Makhleb
Nemelex Xobeh

Shops:
D:8: ! D:14: *

Portals:
Hell: D:23 D:24
Abyss: D:25
Pan: D:24

Annotations
D:4 exclusion: iguana
D:7 Menkaure
D:9 exclusion: ice beast
D:12 exclusion: sky beast
D:15 exclusion: brain worm
D:17 exclusions: centaur warrior, 2 slime creatures and ugly thing
D:19 exclusions: fire crab, orc and orc knight
D:23 exclusions: giant slug and yaktaur
D:24 exclusion: stone giant
D:25 exclusions: frost giant, yaktaur and yaktaur captain


Innate Abilities, Weirdness & Mutations

You can bottle blood from corpses.
((You have razor-sharp teeth.))*
You have supernaturally acute eyesight.
((You can survive without breathing.))*
Your body is slowly deteriorating.+


Message History

Okay, then.
Use which ability? (? or * to list)
You can't do that.
Use which ability? (? or * to list)
You turn into a vampire bat.
The +3,-2 dagger of Dismemberment {drain, rElec rF+ rC+ Str+1 SInv} melds into your body.
You feel weaker.
Your +0 cloak melds into your body.
Your cursed +0 pair of gloves melds into your body.
Your +0 robe melds into your body.
Your ring of life protection melds into your body.
The orc warrior shouts!
The yaktaur captain wields a crossbow.
The yaktaur captain shoots a bolt.
The bolt hits you!
You see here a bolt.
The orc knight shouts!
A yaktaur captain comes into view.
The yaktaur captain wields a crossbow.
The yaktaur captain shoots a bolt.
The bolt hits you!
You die...

▒▒·▒▒▒▒▒▒·▒▒▒▒▒▒···
·······o··o····c···
·····o·▒▒o▒▒▒▒▒▒··
▒▒c····▒▒·▒ ▒·· ·
▒▒·····▒▒·▒ ▒·▒ ·▒
··o····▒▒·▒ ▒·▒ ·▒
▒▒·▒▒▒▒▒▒·▒ ▒(▒ ·▒ ▒·▒ ▒·▒
▒·▒ ·▒ ▒·▒ ▒·▒ ▒b▒ ·▒ ▒·▒
▒·▒ ▒·▒ ·▒
▒c▒▒▒▒▒▒·▒▒▒▒▒▒·▒▒▒·▒▒▒▒▒▒▒
▒····o·····················
▒▒<·····▒·▒▒▒▒▒▒·▒▒▒·▒▒▒▒▒▒▒
·<···········▒ ▒·▒ ·▒
▒▒······▒····▒ ▒·▒ ·▒
▒······▒····▒ ▒·▒ ·▒
▒···∩··▒···!▒ ▒·▒ ·▒


You could see a yaktaur captain.

Vanquished Creatures
  A spriggan (D:9)
  An ogre (D:10)
  A giant frog zombie (D:25)
  A scorpion (D:23)
  2 worker ants
  A gnoll (D:3)
  An adder (D:8)
  A giant gecko (D:1)
  3 orcs
  A giant cockroach (D:1)
  5 hobgoblins
  7 jackals
  A quokka (D:4)
  2 ball pythons
  7 bats
  3 giant newts
  A giant spore (D:25)
  4 goblins
  7 kobolds
  An orc skeleton (D:9)
  5 rats
  A ballistomycete (D:25)
57 creatures vanquished.

Vanquished Creatures (others)
  A slime creature (D:16)
  A two-headed ogre (D:23)
  An orc wizard (D:25)
3 creatures vanquished.

Grand Total: 60 creatures vanquished

Notes
Turn   | Place    | Note
--------------------------------------------------------------
     0 | D:1      | nht, the Vampire Assassin, began the quest for the Orb.
     0 | D:1      | Reached XP level 1. HP: 15/15 MP: 1/1
   187 | D:1      | Reached XP level 2. HP: 21/21 MP: 2/2
   361 | D:3      | Reached skill level 5 in Stealth
   588 | D:3      | Reached XP level 3. HP: 26/26 MP: 3/3
   821 | D:4      | Reached skill level 6 in Stealth
  1102 | D:5      | Entered Level 5 of the Dungeon
  1141 | D:5      | Got a dazzling dagger
  1151 | D:5      | Found a burning altar of Makhleb.
  1162 | D:5      | Became a worshipper of Makhleb the Destroyer
  1242 | D:6      | Found a snail-covered altar of Cheibriados.
  1463 | D:7      | Noticed Menkaure
  1530 | D:8      | Reached XP level 4. HP: 13/32 MP: 4/4
  1638 | D:7      | Found a sparkling altar of Nemelex Xobeh.
  1904 | D:8      | Found Eneud's Distillery.
  1913 | D:8      | Bought a potion of curing for 22 gold pieces
  1913 | D:8      | Bought a potion of heal wounds for 33 gold pieces
  1913 | D:8      | Bought a potion of heal wounds for 33 gold pieces
  1913 | D:8      | Bought a potion of curing for 22 gold pieces
  1914 | D:8      | Bought a potion of paralysis for 11 gold pieces
  1968 | D:9      | Identified the dagger of Dismemberment {drain, rElec rF+ rC+ Str+1 SInv} (You found it on level 5 of the Dungeon)
  2130 | D:9      | Reached skill level 7 in Stealth
  2130 | D:9      | Reached XP level 5. HP: 38/38 MP: 5/5
  2130 | D:9      | Reached XP level 6. HP: 44/44 MP: 6/6
  2155 | D:10     | Entered Level 10 of the Dungeon
  2298 | D:14     | Entered Level 14 of the Dungeon
  2298 | D:14     | Found Ytitsaje's General Store.
  2309 | D:15     | Entered Level 15 of the Dungeon
  3085 | D:20     | Entered Level 20 of the Dungeon
  3168 | D:23     | Found a gateway to Hell.
  3219 | D:23     | Gained mutation: Your body is slowly deteriorating.
  3576 | D:24     | Found a one-way gate leading to the halls of Pandemonium.
  3592 | D:25     | Entered Level 25 of the Dungeon
  3611 | D:25     | Found a one-way gate to the infinite horrors of the Abyss.
  3838 | D:25     | Reached skill level 5 in Short Blades
  3838 | D:25     | Reached skill level 8 in Stealth
  3838 | D:25     | Reached skill level 5 in Stabbing
  3838 | D:25     | Reached XP level 7. HP: 25/49 MP: 7/7
  3904 | D:25     | Shot with a bolt by a yaktaur captain
